 Dungeon Crawl Stone Soup version 0.31-a0-544-gceb718ecc6 (webtiles) character file.

Game seed: 14393170128048708504

990 ytrimaz the Changeling (level 7, -1/49 HPs)
             Began as a Demonspawn Shapeshifter on Aug 16, 2023.
             Was a Follower of Hepliaklqana.
             Slain by a wight
             ... wielding a +2 falchion of freezing
              (3 damage)
             ... on level 6 of the Dungeon.
             The game lasted 00:05:22 (4976 turns).

ytrimaz the Changeling (Demonspawn Shapeshifter)    Turns: 4976, Time: 00:05:22

Health: -1/49      AC: 11    Str: 16    XL:     7   Next: 98%
Magic:  7/7        EV: 12    Int:  9    God:    Hepliaklqana [*.....]
Gold:   600        SH:  5    Dex: 15    Spells: 6/6 levels left

rFire   . .          .
                       - Unarmed
rCold   . . .        (no shield)
rNeg    . . .        a - +0 animal skin
rPois   .            (helmet currently unavailable)
rElec   .            (cloak currently unavailable)
rCorr   +            (gloves currently unavailable)
SInv    .            (boots currently unavailable)
Will    +....        h - amulet of reflection
Stlth   +            g - ring of resist corrosion
HPRegen 0.28/turn    i - ring of willpower
MPRegen 0.10/turn

%: reflection
@: beast-form, sanguine armoured
A: beast (slay +3), reduced essence, claws 2, sanguine armour 2
a: Begin Untransformation, Renounce Religion, Recall Ancestor, Ancestor Identity


You were on level 6 of the Dungeon.
You worshipped Hepliaklqana.
Hepliaklqana was aware of your devotion.
You were a hulking beast.
You visited 2 branches of the dungeon, and saw 7 of its levels.
You also visited: Ossuary.

You collected 600 gold pieces.


Innate Abilities, Weirdness & Mutations

You are a hulking beast.
Your limbs bulge with bestial killing power. (Slay +3)
Your life essence is reduced to manifest your ancestor. (-10% HP)
You have very sharp fingernails.
When seriously injured, your blood forms thick armour. (AC +9)


   Skills:
 + Level 4.5 Fighting
 - Level 1.7 Dodging
 + Level 4.9 Unarmed Combat
 * Level 5.6 Shapeshifting


You had 6 spell levels left.
You didn't know any spells.
Your spell library contained the following spells:

 Spells                   Type           Power      Damage    Failure   Level
 Dazzling Flash           Conj/Hex       0%         N/A       77%         3
 Passage of Golubria      Tloc           0%         N/A       99%         4
 Agony                    Necr           0%         N/A       100%        5
 Silence                  Hex/Air        0%         N/A       100%        5
 Lehudib's Crystal Spear  Conj/Erth      0%         10d2      100%        8

Inventory:

Armour
 a - a +0 animal skin (worn)
Jewellery
 g - a ring of resist corrosion (left claw)
   (You found it on level 1 of the Dungeon)
 h - an amulet of reflection (around neck)
   (You found it on level 1 of the Dungeon)
 i - a ring of willpower (right claw)
   (You found it on level 1 of the Dungeon)
 k - a ring of fire
   (You found it on level 3 of the Dungeon)
 r - an amulet of faith
   (You found it on level 5 of the Dungeon)
Talismans
 c - a beast talisman (active)
 d - a flux talisman
Wands
 j - a wand of polymorph (2)
   (You took it off Ijyb on level 3 of the Dungeon)
 q - a wand of paralysis (8)
   (You found it on level 5 of the Dungeon)
Scrolls
 b - a scroll of identify
 l - 2 scrolls of fog
 m - 4 scrolls of vulnerability
 n - 2 scrolls of teleportation
 p - a scroll of blinking
Potions
 e - 4 potions of haste
 f - 4 potions of heal wounds
 o - 4 potions of might
 s - 3 potions of brilliance
 t - 2 potions of invisibility

Dungeon Overview and Level Annotations

Branches:
Dungeon (6/15) Zot: 26427  Temple (1/1) D:4 Zot: 5919 Ossuary (visited)

Altars:
Ashenzari
Cheibriados
Dithmenos
Fedhas
Gozag
Hepliaklqana
Makhleb
Nemelex Xobeh
Okawaru
Qazlal
Sif Muna
Trog
Vehumet
Wu Jian
Yredelemnul

Shops:
D:6

!: ..........#.#
..........#.#.##.
..........#.#.#∩.
......)...# ##
..........# ..
.#######zR# ####
.##########.# ...
.#.........†############
#.#.#######....zh........
..#.# #.#############
..#.# #.## ..#.#
#.'#######+ ..#.#
###...#...# ..#.#
#.>.#.>.# .##.# #...#...#
.##'####### #########
..........# #...#...#


You could see a wight.


Message History

There is an open door here.
Key pressed, stopping explore.
You swap places.
You swap places.
Found a stone staircase leading up.
You swap places.
You swap places.
Key pressed, stopping explore.
There is an open door here.
You now have 600 gold pieces (gained 14).
Key pressed, stopping explore.
You open the door.
There is an open door here.
You open the door.
There is an open door here.
You swap places.
There is an open door here.
An orc comes into view. It is wielding a +0 club.
An orc is nearby!
An orc is nearby!
The orc shouts!
A wight comes into view.
It is wielding a +2 falchion of freezing.
A wight comes into view. It is wielding a +0 falchion.
An adder comes into view.
The orc barely misses you.
A wight comes into view. It is wielding a +0 mace.
You claw the orc!
You kill the orc!
Unknown command.
The wight hits Rabi with a +2 falchion of freezing!
The wight freezes Rabi.
Rabi closely misses the wight.
The wight closely misses Rabi.
Rabi hits the wight but does no damage.
Rabi hits the wight.
Rabi hits the wight but does no damage.
The adder barely misses you.
You claw the adder! The adder bites you.
Rabi hits the wight. 😕 HP[-4]
You take 4 damage, and now have 45/49 hp.
You claw the adder!
You kill the adder!
Unknown command.
Rabi hits the wight but does no damage. 😕 HP[+1] Rabi has departed this plane of existence.
The wight attacks as you move away!
The wight hits you with a +0 falchion. 😕 HP[-6]
You take 6 damage, and now have 40/49 hp.
Found Elimiq's Distillery. 😕 HP[+1]
You scratch the wight but do no damage. The wight hits you with a +0 falchion!
Your blood congeals into armour.
You feel drained. 😮 HP[-12]
You now have 47 max hp (-2).
You take 12 damage, and now have 29/47 hp.
MASSIVE DAMAGE!! (PAUSE)
You scratch the wight. You block the wight's attack.
You are too injured to fight recklessly!
You claw the wight! You block the wight's attack.
You closely miss the wight. The wight barely misses you. 😮 HP[+1]
You are too injured to fight recklessly!
You scratch the wight.
The wight hits you with a +0 falchion. 😮 HP[-5]
You take 5 damage, and now have 25/47 hp.
You are too injured to fight recklessly!
Unknown command.
You claw the wight!
You destroy the wight!
Your life force feels restored.
You now have 49 max hp (+2).
You are too injured to fight recklessly!
Things that are here:
a +0 falchion; a +0 robe You scratch the wight.
The wight hits you with a +0 mace.
* * * LOW HITPOINT WARNING * * *
😨 HP[-4]
You take 4 damage, and now have 21/49 hp.
You are too injured to fight recklessly!
Unknown command.
You completely miss the wight. The wight hits you with a +0 mace!
* * * LOW HITPOINT WARNING * * *
You feel drained.
* * * LOW HITPOINT WARNING * * *
You are too injured to fight recklessly! 😱 HP[-12]
You now have 47 max hp (-2).
You take 12 damage, and now have 9/47 hp.
MASSIVE DAMAGE!! (PAUSE)
You claw the wight! The wight misses you.
Unknown command.
You claw the wight!
You destroy the wight!
Your life force feels restored.
You now have 49 max hp (+2).
Unknown command.
You claw the wight!
The wight hits you with a +2 falchion of freezing!
* * * LOW HITPOINT WARNING * * *
The wight freezes you.
You die...

Skill      XL: |  1  2  3  4  5  6  7 |
---------------+----------------------+-----
Shapeshifting  | 3 4 5 |  5.6
Unarmed Combat | 3 4 |  4.9
Fighting       | 2 3 4 |  4.5
Dodging        | |  1.7

Action                     |  1- 3 |  4- 6 |  7- 9 || total
---------------------------+-------+-------+-------++-------
  Melee: Unarmed           |    90 |   167 |    84 ||   341
         Punch             |       |     2 |     4 ||     6
    Use: Scroll            |     2 |     6 |     4 ||    12
         Potion            |       |       |     1 ||     1
   Stab: Sleeping          |     1 |     1 |       ||     2
 Armour: Animal skin       |    11 |    65 |     5 ||    81
         Skin              |       |       |     2 ||     2
  Dodge: Dodged            |    31 |   104 |    23 ||   158
  Block: Other             |    11 |    55 |     7 ||    73

Levels and vault maps discovered:
D:1:      lordsloth_arrival_two_stooges, layout_rooms, nrook_campfire,
          palyth_stone_intersect
D:2:      layout_rooms, kennysheep_cluttered_room, mrwooster_statue_mirror,
          minmay_pentomino_v2, uniq_natasha
D:3:      cheibrodos_fertilizer, layout_rooms, mainiacjoe_overflow_big_doors,
          mainiacjoe_overflow_chevrons, shapermc_ecumenical_altar_gd, uniq_ijyb
D:4:      layout_rooms, temple_statues
D:5:      nicolae_cairo_tiling_large_dashed, layout_loops_ring,
          makhleb_grotto_becter, hangedman_abyss_or_decor_stabs, goddamned_bats
D:6:      layout_basic, serial_shops, nicolae_inconvenience_store, shop,
          nicolae_ossuary_entry_false_entrances, minmay_bent
Temple:   compressed_dpeg_triangle_lava_temple

Notes
Turn   | Place    | Note
-------+----------+-------------------------------------------
     0 | D:1      | ytrimaz the Demonspawn Shapeshifter began the quest for the
                  | Orb.
     0 | D:1      | Reached XP level 1. HP: 15/15 MP: 1/1
     0 | D:1      | magus.rc [v1.9.6]
   224 | D:1      | Gained mutation: You have sharp fingernails. [demonic
                  | ancestry]
   224 | D:1      | Reached XP level 2. HP: 21/21 MP: 2/2
   329 | D:1      | Reached skill level 3 in Shapeshifting
   508 | D:1      | Reached skill level 3 in Unarmed Combat
   642 | D:1      | You pick up a book of the Senses and begin reading...
   642 | D:1      | You add the spells Dazzling Flash, Agony and Silence to
                  | your library.
   794 | D:2      | Gained mutation: When seriously injured, your blood forms
                  | armour. (AC +9) [demonic ancestry]
   794 | D:2      | Reached XP level 3. HP: 22/27 MP: 3/3
  1088 | D:2      | Noticed Natasha
  1098 | D:2      | Killed Natasha
  1099 | D:2      | Reached skill level 2 in Fighting
  1099 | D:2      | Reached XP level 4. HP: 19/33 MP: 4/4
  1331 | D:3      | Noticed Ijyb
  1351 | D:3      | Killed Ijyb
  1414 | D:3      | Found a sparkling altar of Nemelex Xobeh.
  1500 | D:3      | Found a snail-covered altar of Cheibriados.
  1647 | D:3      | Reached XP level 5. HP: 36/39 MP: 5/5
  1665 | D:3      | Reached skill level 4 in Shapeshifting
  1795 | D:3      | Found an ornate altar of the Wu Jian Council.
  1848 | D:3      | Found a faded altar of an unknown god.
  2054 | D:4      | Found a staircase to the Ecumenical Temple.
  2057 | Temple   | Entered the Ecumenical Temple
  2553 | Temple   | Became a worshipper of Hepliaklqana the Forgotten
  2574 | D:5      | Entered Level 5 of the Dungeon
  2647 | D:5      | Reached skill level 3 in Fighting
  2647 | D:5      | Gained mutation: When seriously injured, your blood forms
                  | thick armour. (AC +9) [demonic ancestry]
  2647 | D:5      | Reached XP level 6. HP: 32/47 MP: 6/6
  2807 | D:5      | Reached skill level 4 in Unarmed Combat
  3136 | D:5      | Reached * piety under Hepliaklqana
  3285 | D:5      | Gained mutation: You have very sharp fingernails. [demonic
                  | ancestry]
  3285 | D:5      | Reached XP level 7. HP: 46/46 MP: 7/7
  3529 | D:5      | You pick up a book of the Moon and begin reading...
  3529 | D:5      | You add the spells Passage of Golubria and Lehudib's
                  | Crystal Spear to your library.
  3534 | D:5      | Identified the +8 whip of the Assorted Planets {drain, rF+
                  | rC+ Str+2}
  3807 | D:5      | Found a burning altar of Makhleb.
  3812 | D:5      | Reached skill level 5 in Shapeshifting
  4017 | D:6      | HP: 5/47 [orc warrior/+3 morningstar (13)]
  4019 | D:6      | Reached skill level 4 in Fighting
  4185 | D:6      | Found Watoo's Book Boutique.
  4200 | D:6      | Found a sand-covered staircase.
  4205 | Ossuary  | Entered an ossuary
  4964 | D:6      | Found Elimiq's Distillery.
  4973 | D:6      | HP: 12/49 [wight/+0 mace (9)]
  4976 | D:6      | HP: 2/49 [wight/+2 falchion of freezing (8)]
  4976 | D:6      | Slain by a wight

Vanquished Creatures
  An orc warrior (D:6)
  A phantom (D:5)
  A scorpion (D:6)
  2 wights (D:6)
  A crimson imp (D:5)
  2 orc priests (D:5)
  A hound (D:4)
  2 jellies (D:3)
  Ijyb (D:3)
  Natasha (D:2)
  5 mummies (Ossuary)
  5 adders
  2 gnolls (D:5)
  A white imp (D:6)
  2 ufetubi
  3 worms
  2 fire bats (D:5)
  14 orcs
  2 spectral bats (D:5)
  3 ball pythons
  12 bats
  A bat zombie (D:5)
  13 endoplasms
  3 giant cockroaches (D:1)
  3 goblins
  5 hobgoblins
  4 quokkas
  A bat simulacrum (D:5)
  6 frilled lizards
  2 hobgoblin zombies (Ossuary)
  6 kobolds
  3 kobold zombies (Ossuary)
  An orc zombie (Ossuary)
  2 rats
114 creatures vanquished.

Vanquished Creatures (collateral kills)
  A vampire bat (D:5)
  3 mummies (Ossuary)
  A gnoll (D:5)
  A fire bat (D:5)
  3 orcs
  3 bat skeletons (D:5)
  A kobold zombie (Ossuary)
  An orc zombie (Ossuary)
14 creatures vanquished.

Vanquished Creatures (others)
  2 ancestors
  A kobold (D:1)
3 creatures vanquished.

Grand Total: 131 creatures vanquished

Table legend:
 A = Non-vault XP
 B = Vault XP
 C = Vault XP percentage of total XP
 D = Non-vault monster count
 E = Vault monster count
 F = Vault count percentage of total count
                 A         B        C        D         E       F
            +---------+---------+-------+---------+---------+-------
      Total |     861 |     554 |  39.2 |      72 |      56 |  43.8
            +---------+---------+-------+---------+---------+-------
        D:1 |      39 |       0 |   0.0 |      23 |       0 |   0.0
        D:2 |      27 |      37 |  57.8 |       7 |       2 |  22.2
        D:3 |      57 |     142 |  71.4 |       9 |      17 |  65.4
        D:4 |      53 |       0 |   0.0 |       5 |       0 |   0.0
        D:5 |     280 |     223 |  44.3 |      19 |      21 |  52.5
        D:6 |     405 |       0 |   0.0 |       9 |       0 |   0.0
    Ossuary |       0 |     152 | 100.0 |       0 |      16 | 100.0
            +---------+---------+-------+---------+---------+-------

Skill      XL: |  1  2  3  4  5  6  7 |
---------------+----------------------+-----
Shapeshifting  | 3 4 5 |  5.6
Unarmed Combat | 3 4 |  4.9
Fighting       | 2 3 4 |  4.5
Dodging        | |  1.7

Action                     |  1- 3 |  4- 6 |  7- 9 || total
---------------------------+-------+-------+-------++-------
  Melee: Unarmed           |    90 |   167 |    84 ||   341
         Punch             |       |     2 |     4 ||     6
    Use: Scroll            |     2 |     6 |     4 ||    12
         Potion            |       |       |     1 ||     1
   Stab: Sleeping          |     1 |     1 |       ||     2
 Armour: Animal skin       |    11 |    65 |     5 ||    81
         Skin              |       |       |     2 ||     2
  Dodge: Dodged            |    31 |   104 |    23 ||   158
  Block: Other             |    11 |    55 |     7 ||    73

Illustrated notes

Table legend:
 A = Kills in this place as a percentage of kills in the entire game.
 B = Kills by you in this place as a percentage of kills by you in the entire game.
 C = Kills by friends in this place as a percentage of kills by friends in the entire game.
 D = Other kills in this place as a percentage of other kills in the entire game.
 E = Experience gained in this place as a percentage of experience gained in the entire game.
 F = Experience gained in this place divided by the number of levels of this place that you have seen.
                   A       B       C       D       E      F
               +-------+-------+-------+-------+-------+----------------------
         Total | 100.0 | 100.0 | 100.0 |   N/A | 100.0 | 176.9
       Dungeon |  87.5 |  90.4 |  64.3 |   N/A |  89.3 | 210.5
       Ossuary |  12.5 |   9.6 |  35.7 |   N/A |  10.7 | 152.0
               +-------+-------+-------+-------+-------+----------------------

Table legend: (Time is in decaauts)
 A = Elapsed time spent in this place.
 B = Non-inter-level travel time spent in this place.
 C = Inter-level travel time spent in this place.
 D = Time resting spent in this place.
 E = Time spent auto-exploring this place.
 F = Levels seen in this place.
 G = Mean time per level.
                   A        B        C        D        E       F      G
               +--------+--------+--------+--------+--------+-----+--------+
         Total |   4950 |   4786 |    164 |    167 |   3714 |   8 |  618.8 |
       Dungeon |   4454 |   4313 |    141 |    134 |   3431 |   6 |  742.3 |
        Temple |     80 |     57 |     23 |      0 |      0 |   1 |   80.0 |
       Ossuary |    416 |    416 |      0 |     33 |    283 |   1 |  416.0 |
               +--------+--------+--------+--------+--------+-----+--------+

Top non-repeatable levels by time:
     D:5: 1342 daAuts
     D:3: 743 daAuts
     D:1: 732 daAuts
     D:6: 571 daAuts
     D:2: 566 daAuts
     D:4: 498 daAuts
 Ossuary: 416 daAuts
  Temple: 80 daAuts
